 Dungeon Crawl Stone Soup version 0.19-a0-905-ge5e6a15 (webtiles) character file.

51 Gagarin the Conjurer (level 3, 0/26 HPs)
             Began as a Draconian Conjurer on July 5, 2016.
             Killed by nerve-wracking pain
             ... invoked by Jessica
              (12 damage)
             ... on level 2 of the Dungeon.
             The game lasted 00:05:43 (2248 turns).

Gagarin the Conjurer (Draconian Conjurer)           Turns: 2248, Time: 00:05:43

Health: 0/26       AC:  8    Str: 10    XL:     3   Next: 58%
Magic:  3/6        EV: 12    Int: 16    God:
Gold:   140        SH:  0    Dex: 11    Spells: 2 memorised, 3 levels left

rFire  . . .     SeeInvis .     (no weapon)
rCold  . . .     Gourm    .     (armour unavailable)
rNeg   . . .     Faith    .     (no shield)
rPois  .         Spirit   .     (helmet restricted)
rElec  .         Dismiss  .     (no cloak)
rCorr  .         Reflect  .     k - +2 pair of gloves
SustAt .         Harm     .     (no boots)
MR     .....                    (no amulet)
Stlth  ++........               (no ring)
                                (no ring)

@: very slightly contaminated, hasted, very quick, not resistant to hostile
enchantments, unstealthy
A: unfitting armour, cold-blooded, AC +5
a: no special abilities


You were on level 2 of the Dungeon.
You were not hungry.

You visited 1 branch of the dungeon, and saw 3 of its levels.

You collected 140 gold pieces.

Inventory:

Missiles
 g - 35 arrows
Armour
 k - a +2 pair of gloves (worn)
Scrolls
 d - a scroll of teleportation {unknown}
 f - 3 scrolls of immolation {unknown}
 h - a scroll of magic mapping {unknown}
 i - 3 scrolls of blinking {unknown}
 l - a scroll of enchant armour {unknown}
 n - a scroll of recharging {unknown}
Potions
 e - a potion of haste
 j - 2 potions of flight {unknown}
 m - 2 potions of berserk rage {unknown}
Books
 a - a book of Conjurations

   Spells                             Type                      Level
   a - Magic Dart                     Conjuration                  1
   b - Searing Ray                    Conjuration                  2
   c - Dazzling Spray                 Conjuration/Hexes            3
   d - Fulminant Prism                Conjuration/Hexes            4
   e - Iskenderun's Mystic Blast      Conjuration                  4
   f - Iskenderun's Battlesphere      Conjuration/Charms           5
Comestibles
 b - 3 bread rations
 c - 3 chunks of flesh
 o - a royal jelly
 p - 4 fruits


   Skills:
 + Level 2.0 Dodging
 + Level 2.1 Stealth
 + Level 2.2 Spellcasting
 + Level 4.9 Conjurations


You had 3 spell levels left.
You knew the following spells:

 Your Spells              Type           Power        Failure   Level  Hunger
a - Magic Dart            Conj           ###.         3%          1    #......
b - Searing Ray           Conj           ###...       6%          2    ###....


Dungeon Overview and Level Annotations

Branches:
Dungeon (3/15)

Altars:
Nemelex Xobeh
Qazlal

Annotations:
D:2 Jessica


Innate Abilities, Weirdness & Mutations

Your plain brown scales are hard. (AC +5)
Your body does not fit into most forms of armour.
You are cold-blooded and may be slowed by cold attacks.


Message History

Jessica closely misses you. Jessica hits you with a club.
Casting: Magic Dart
Confirm with . or Enter, or press ? or * to list all spells.
Aiming: Magic Dart
Press: ? - help, Shift-Dir - straight line, f - Jessica
Aim: Jessica, wielding a club and wearing a robe (fast)
The magic dart hits Jessica.
Jessica hits you but does no damage.
It was a potion of haste.
You feel yourself speed up. Jessica gestures at you while chanting.
You barely resist.
You are very lightly contaminated with residual magic.
Okay, then.
Jessica points at you and mumbles some strange words.
You barely resist. Jessica casts a spell at you. Pain shoots through your body!
Jessica points at you and mumbles some strange words.
Pain shoots through your body!
You die...

##.#.##### ##.###....#
######### #.## ##.#.#
#.......# ##.###....#
#.#####.#
#..#..#.####.#####.#
#.#.............##.###
#.###..#####.##......#
#......# #.#####.#.#
######.# #.@...@.#.#
#.# ##########.# #.#
#.....# #..# #.#
#.....# #.## #.#
#.....# #.# #.#
#.....# #.# ##.#
#.....# #.# #..#
###.#####.#### #.##
#.# #.....#


You could see Jessica.

Vanquished Creatures
  An adder (D:2)
  3 worms (D:2)
  2 dart slugs (D:2)
  A giant gecko (D:3)
  3 bats
  A giant cockroach (D:1)
  2 goblins
  4 hobgoblins
  A jackal (D:2)
  A quokka (D:2)
  A ball python (D:2)
  A giant newt (D:2)
  5 kobolds
  3 rats
29 creatures vanquished.

Notes
Turn   | Place    | Note
-------+----------+-------------------------------------------
     0 | D:1      | Gagarin the Draconian Conjurer began the quest for the Orb.
     0 | D:1      | Reached XP level 1. HP: 14/14 MP: 3/3
   632 | D:1      | Reached XP level 2. HP: 20/20 MP: 3/5
   636 | D:1      | Learned a level 2 spell: Searing Ray
  1551 | D:2      | Reached XP level 3. HP: 16/26 MP: 1/6
  1617 | D:2      | Found a sparkling altar of Nemelex Xobeh.
  1750 | D:2      | Found a stormy altar of Qazlal.
  2197 | D:3      | Noticed Jessica
  2248 | D:2      | Killed from afar by Jessica

Vault maps used:
D:1:      minmay_arrival_semitransparent
D:2:      grunt_qazlal_clouds, overflow_temple_1_default, first_bread
D:3:      lemuel_coloured_pillars_altar, amethyst_killhole, uniq_jessica,
          uniq_natasha

Skill      XL: |  1  2 |
---------------+-------+-----
Stealth        | 2 |  2.1
Dodging        | 2 |  2.0
Spellcasting   | |  2.2
Conjurations   | |  4.9

Action                   || total
-------------------------++-------
Melee: Unarmed           ||    42
       Tailslap          ||     3
 Cast: Magic Dart        ||    40
       Searing Ray       ||     7
  Use: Potion            ||     1
 Stab: Sleeping          ||     2
  Eat: Chunk             ||     5
Armor: Skin              ||    19
Dodge: Dodged            ||    35
